 Dungeon Crawl Stone Soup version 0.29.1-15-g9cfb28693d (webtiles) character file.

Game seed: 8823091968413414613

78400 HOAXBANE the Fighter (level 16, -18/196 HPs)
             Began as a Human Artificer on Mar 4, 2023.
             Was a High Priest of Vehumet.
             Demolished by Saint Roka
             ... wielding a +2 vampiric battleaxe
              (29 damage)
             ... on level 2 of the Orcish Mines on Mar 5, 2023.
             The game lasted 06:43:22 (45603 turns).

HOAXBANE the Fighter (Human Artificer)             Turns: 45603, Time: 06:43:23

Health: -18/196    AC: 28    Str: 15    XL:     16   Next: 8%
Magic:  33/43      EV:  2    Int: 18    God:    Vehumet [*****.]
Gold:   809        SH:  5    Dex: 13    Spells: 9/27 levels left

rFire   . . .      SeeInvis .   a - +9 halberd (freeze)
rCold   . . .      Faith    .   (shield currently unavailable)
rNeg    . . .      Spirit   .   (body armour currently unavailable)
rPois   +          Reflect  +   (helmet currently unavailable)
rElec   .          Harm     .   (cloak currently unavailable)
rCorr   .          Rampage  .   (gloves currently unavailable)
Will    +....      NoTele   +   (boots currently unavailable)
Stlth   ++++......              H - amulet of reflection
HPRegen 0.42/turn               Q - ring of magical power
MPRegen 0.28/turn               s - ring of magical power

@: tree-form, hasted, very quick
A: stationary, stasis, torment immunity, boosted hp
a: Renounce Religion


You were on level 2 of the Orcish Mines.
You worshipped Vehumet.
Vehumet was extremely pleased with you.
You were a tree.
You visited 3 branches of the dungeon, and saw 21 of its levels.
You also visited: Bailey and Gauntlet.

You collected 1938 gold pieces.
You spent 1129 gold pieces at shops.

Inventory:

Hand Weapons
 a - a +9 halberd of freezing (weapon)
Missiles
 p - 40 javelins
 t - 43 poisoned darts (quivered)
 x - 8 datura-tipped darts
 J - 7 throwing nets
 M - 5 curare-tipped darts
Armour
 m - a +0 pair of gloves (melded)
 C - a +0 helmet (melded)
 O - a +2 cloak (melded)
 V - a +2 pair of boots of stealth (melded)
 Y - +2 steam dragon scales (melded)
Magical Staves
 j - a staff of cold
Jewellery
 l - a +6 ring of intelligence
 s - a ring of magical power (right branch)
 F - a ring of protection from cold
 H - an amulet of reflection (around neck)
 N - a ring of fire
 Q - a ring of magical power (left branch)
 U - a ring of ice
Wands
 b - a wand of light (5)
 c - a wand of flame (49)
 d - a wand of charming (20)
 B - a wand of digging (2)
 D - a wand of roots (11)
 P - a wand of mindburst (21)
 X - a wand of polymorph (16)
Scrolls
 f - 3 scrolls of magic mapping
 h - 8 scrolls of teleportation
 r - 5 scrolls of immolation
 w - 2 scrolls of identify
 y - a scroll of blinking
 z - 2 scrolls of summoning
 G - 2 scrolls of amnesia
 I - 3 scrolls of poison
 S - a scroll of vulnerability
 W - a scroll of enchant weapon
Potions
 k - a potion of haste
 n - a potion of invisibility
 o - 24 potions of curing
 q - 6 potions of berserk rage
 u - 3 potions of resistance
 v - 10 potions of might
 A - 7 potions of cancellation
 E - 6 potions of attraction
 K - 2 potions of brilliance
 L - 2 potions of ambrosia
 R - 2 potions of flight
 T - a potion of mutation
 Z - a potion of magic


   Skills:
 - Level 13.4 Fighting
 + Level 4.2 Polearms
 - Level 3.0 Throwing
 - Level 10.0 Armour
 - Level 10.0 Dodging
 - Level 10.0 Stealth
 - Level 6.0 Spellcasting
 - Level 10.0 Conjurations
 - Level 9.0 Fire Magic
 - Level 5.0 Ice Magic
 - Level 5.0 Air Magic
 - Level 10.2 Earth Magic
 - Level 3.0 Evocations


You had 9 spell levels left.
You knew the following spells:

 Your Spells              Type           Power      Damage    Failure   Level
a - Conjure Flame         Conj/Fire      39%        6-21      1%          3
b - Sandblast             Erth           84%        2d18      1%          1
c - Freeze                Ice            92%        1d10      1%          1
d - Stone Arrow           Conj/Erth      82%        3d12      1%          3
e - Scorch                Fire           76%        2d9       1%          2
f - Fireball              Conj/Fire      19%        3d9       1%          5
g - Swiftness             Air            23%        N/A       4%          3

Your spell library contained the following spells:

 Spells                   Type           Power      Damage    Failure   Level
 Lightning Bolt           Conj/Air       16%        1d30      4%          5
 Shock                    Conj/Air       100%       1d9       1%          1
 Sticky Flame             Conj/Fire      39%        2d6       1%          4
 Lee's Rapid Deconstruct  Erth           21%        3d13*     1%          5
 Passwall                 Tmut/Erth      19%        N/A       2%          2
 Ignite Poison            Fire/Tmut/Pois 16%        N/A       3%          3
 Airstrike                Air            11%        2d(2-18)  4%          4
 Fulminant Prism          Conj/Hex       11%        3d9       4%          4
 Iskenderun's Mystic Bla  Conj/Tloc      23%        2d6       4%          4
 Starburst                Conj/Fire      19%        6d7       11%         6
 Apportation              Tloc           10%        N/A       12%         1
 Summon Small Mammal      Summ           20%        N/A       12%         1
 Call Canine Familiar     Summ           5%         N/A       34%         3
 Portal Projectile        Hex/Tloc       10%        N/A       34%         3
 Summon Guardian Golem    Hex/Summ       5%         N/A       34%         3
 Tukima's Dance           Hex            5%         N/A       34%         3
 Corpse Rot               Necr/Pois/Air  11%        N/A       52%         4
 Animate Dead             Necr           5%         N/A       75%         4
 Dispel Undead            Necr           5%         3d7       75%         4
 Passage of Golubria      Tloc           5%         N/A       75%         4
 Silence                  Hex/Air        7%         N/A       75%         5
 Lehudib's Crystal Spear  Conj/Erth      20%        10d6      95%         8
 Alistair's Intoxication  Tmut/Pois      3%         N/A       97%         5
 Blade Hands              Tmut           2%         N/A       97%         5
 Ignition                 Fire           19%        3d7       98%         8
 Death Channel            Necr           2%         N/A       100%        6
 Haunt                    Necr/Summ      2%         N/A       100%        7
 Infestation              Necr           2%         N/A       100%        8


Dungeon Overview and Level Annotations

Branches:
Dungeon (14/15)            Temple (0/1) D:4            Lair (5/5) D:8
 Shoals (0/4) Lair:2       Spider (0/4) Lair:3        Slime (0/5) Lair:4
    Orc (2/2) D:9             Elf (0/3) Orc:2        Vaults (0/5) D:13
 Bailey (visited)         Gauntlet (visited)

Altars:
Ashenzari
Elyvilon
Fedhas
Ru
Trog
Uskayaw
Vehumet

Shops:
D:2 =   D:4 *   D:6 =   D:10 (   D:11 (*?[   D:14 [   Orc:1 *

Portals:
Trove: D:13 (give 7 potions of haste)

Annotations:
Orc:2 Saint Roka


Message History

Saint Roka is almost dead.
The warg bites you but does no damage.
The orc warrior hits you but does no damage.
The orc hits you with a +0 whip.
* * * LOW HITPOINT WARNING * * *
You block Saint Roka's attack.
Unknown command.
Reach: a) +9 halberd (freeze)
Press: ? - help, Dir - move target, f/p - Saint Roka
Aim: Saint Roka, wielding a +2 vampiric battleaxe and wearing a +1 chain mail of fire resistance (almost dead, extremely poisoned, about 25% to evade your +9 halberd of freezing)
You hit Saint Roka. You freeze Saint Roka.
Saint Roka is almost dead.
The warg barely misses you.
The orc warrior hits you but does no damage.
The orc hits you with a +0 whip.
* * * LOW HITPOINT WARNING * * *
Saint Roka hits you with a +2 vampiric battleaxe!
* * * LOW HITPOINT WARNING * * *
Saint Roka draws strength from your wounds!
The warg bites you but does no damage.
Reach: a) +9 halberd (freeze)
Press: ? - help, Dir - move target, f/p - Saint Roka
Aim: Saint Roka, wielding a +2 vampiric battleaxe and wearing a +1 chain mail of fire resistance (almost dead, extremely poisoned, about 25% to evade your +9 halberd of freezing)
You barely miss Saint Roka.
Saint Roka is almost dead.
The orc no longer looks unusually strong.
The orc warrior hits you with a +0 scimitar!
* * * LOW HITPOINT WARNING * * *
The orc hits you but does no damage.
Saint Roka roars a battlecry!
The orc goes into a battle-frenzy!
The warg bites you but does no damage.
Reach: a) +9 halberd (freeze)
Press: ? - help, Dir - move target, f/p - Saint Roka
Aim: Saint Roka, wielding a +2 vampiric battleaxe and wearing a +1 chain mail of fire resistance (almost dead, extremely poisoned, about 25% to evade your +9 halberd of freezing)
You barely miss Saint Roka.
Saint Roka is almost dead.
The orc warrior barely misses you. The orc hits you but does no damage.
Saint Roka hits you with a +2 vampiric battleaxe!!
You die...

###.>....# ....
#......# <...#
#.......#
.....###.$....#.
..............##
#.............
..#....ooo....#
#....hooo..#
#.....♣o#
#.........#
##.........#
#...........#
......#.......
.....##......##
..... #.......#
....# ##.......


You could see Saint Roka (extremely poisoned), a warg, an orc warrior (strong)
and 5 orcs.

Vanquished Creatures
  An orc warlord (D:9)
  Nessos (Lair:5)
  7 vault guards
  A boulder beetle (D:12)
  2 hydras
  Fannar (D:10)
  5 catoblepae
  The ghost of GeoRichter the Thaumaturge, a journeyman DjCj of Ashenzari (Lair:1)
  5 centaur warriors
  2 two-headed ogres
  2 tengu warriors (D:13)
  13 death yaks
  5 slime creatures
  An orc knight (D:14)
  A wizard (D:14)
  A lindwurm (Lair:5)
  5 ugly things
  2 deep elf pyromancers (D:14)
  4 cyclopes
  6 manticores
  Maurice (D:11)
  An ice statue (Lair:1)
  9 elephants
  5 black mambas
  A merfolk siren (Lair:2)
  5 gargoyles
  8 cane toads
  A smoke demon (D:14)
  8 rime drakes
  2 unseen horrors
  Psyche (D:11)
  6 kobold demonologists
  5 komodo dragons
  An efreet (D:13)
  A freezing wraith (D:14)
  An ice devil (D:13)
  4 meliai
  7 polar bears
  A hornet (D:8)
  5 trolls
  18 blink frogs
  11 dream sheep
  A vampire (D:12)
  A wraith (D:14)
  A wyvern (D:8)
  A basilisk (Lair:5)
  37 yaks
  2 steam dragons
  An acid dragon (D:14)
  4 vampire mosquitoes (D:12)
  A warg (Orc:1)
  A harpy simulacrum (Lair:1)
  14 water moccasins
  A swamp drake (D:9)
  An ice beast (D:5)
  36 orc warriors
  A sky beast (D:8)
  2 black bears
  4 ogres
  12 wolves
  31 centaurs
  4 kobold brigands
  11 bullfrogs
  8 necrophages
  2 scorpions (D:5)
  A gnoll sergeant (D:9)
  10 wights
  4 killer bees
  3 electric eels
  2 howler monkeys
  4 crimson imps (D:14)
  Crazy Yiuf (D:6)
  2 gnoll boudas
  5 hounds
  10 orc priests
  4 jellies
  10 orc wizards
  6 hell rats (Lair:4)
  A spriggan simulacrum (Lair:1)
  9 adders
  14 gnolls
  A shadow imp (D:5)
  7 white imps
  An ufetubus (D:4)
  4 worms
  A dart slug (D:1)
  95 orcs
  11 bats
  9 endoplasms
  8 giant cockroaches
  3 goblins
  9 hobgoblins
  2 jackals (D:1)
  A quokka (D:1)
  4 ball pythons
  2 frilled lizards
  26 kobolds
  6 rats
621 creatures vanquished.

Vanquished Creatures (others)
  A vault guard (D:13)
  2 orcs
  A bush (Lair:4)
  44 fungi
  83 plants
  24 withered plants (Gauntlet)
155 creatures vanquished.

Grand Total: 776 creatures vanquished

Notes
Turn   | Place    | Note
-------+----------+-------------------------------------------
     0 | D:1      | HOAXBANE the Human Artificer began the quest for the Orb.
     0 | D:1      | Reached XP level 1. HP: 15/15 MP: 1/1
   147 | D:1      | Reached XP level 2. HP: 22/22 MP: 2/2
   186 | D:1      | Reached skill level 2 in Fighting
   706 | D:1      | Reached XP level 3. HP: 14/27 MP: 3/3
  1595 | D:2      | Reached skill level 1 in Spellcasting
  1600 | D:2      | Learned a level 3 spell: Conjure Flame
  2817 | D:2      | Reached XP level 4. HP: 10/33 MP: 5/5
  3112 | D:2      | Found a radiant altar of Vehumet.
  3126 | D:2      | Became a worshipper of Vehumet
  3231 | D:2      | Reached skill level 1 in Conjurations
  3231 | D:2      | Reached skill level 1 in Fire Magic
  4405 | D:2      | Found Yrarebeff's Jewellery Shoppe.
  4639 | D:3      | Found a white marble altar of Elyvilon.
  4896 | D:3      | Reached XP level 5. HP: 27/38 MP: 6/6
  5196 | D:3      | Found a faded altar of an unknown god.
  5297 | D:3      | Noticed an ogre
  5829 | D:3      | Killed an ogre
  5830 | D:3      | Reached XP level 6. HP: 25/44 MP: 7/7
  6229 | D:3      | Learned a level 1 spell: Sandblast
  6359 | D:3      | Found a sacrificial altar of Ru.
  6599 | D:4      | Reached * piety under Vehumet
  6599 | D:4      | Offered knowledge of Freeze by Vehumet.
  6607 | D:4      | Reached skill level 1 in Earth Magic
  6828 | D:4      | Learned a level 1 spell: Freeze
  6864 | D:4      | Found Synank's Assorted Antiques.
  6878 | D:4      | Bought a scroll labelled AWNIGADDAE for 25 gold pieces
  6878 | D:4      | Bought a scroll labelled CAVAIR YNTIFF for 25 gold pieces
  6969 | D:4      | Reached XP level 7. HP: 47/50 MP: 5/10
  7081 | D:4      | Reached skill level 1 in Ice Magic
  7344 | D:4      | Found a staircase to the Ecumenical Temple.
  7701 | D:5      | Entered Level 5 of the Dungeon
  7877 | D:5      | You fall into a shaft and drop 3 floors!
  8151 | D:7      | Noticed a steam dragon
  8163 | D:7      | Killed a steam dragon
  8164 | D:7      | Reached XP level 8. HP: 28/56 MP: 3/11
  8725 | D:6      | Reached skill level 5 in Ice Magic
  8940 | D:6      | Found a hide-covered altar of Uskayaw.
  9455 | D:6      | Found a runed translucent door.
  9456 | D:6      | Noticed Crazy Yiuf
  9464 | D:6      | Killed Crazy Yiuf
  9688 | D:6      | Found Siumoume's Jewellery Emporium.
 10160 | D:5      | Found a bloodstained altar of Trog.
 10191 | D:5      | Learned a level 3 spell: Stone Arrow
 10238 | D:5      | Reached XP level 9. HP: 61/61 MP: 12/12
 10419 | D:5      | Found Deneloclat's Magic Scroll Emporium.
 10577 | D:5      | Bought a scroll of identify for 20 gold pieces
 10577 | D:5      | Bought a scroll of enchant armour for 75 gold pieces
 10577 | D:5      | Bought a scroll of identify for 20 gold pieces
 10577 | D:5      | Bought a scroll of identify for 20 gold pieces
 10577 | D:5      | Bought a scroll of teleportation for 30 gold pieces
 10577 | D:5      | Bought a scroll of teleportation for 30 gold pieces
 10577 | D:5      | Bought a scroll of poison for 40 gold pieces
 11008 | D:5      | Offered knowledge of Scorch by Vehumet.
 11038 | D:5      | Reached ** piety under Vehumet
 11422 | D:5      | Reached skill level 5 in Conjurations
 12356 | D:7      | Found a blossoming altar of Fedhas.
 13415 | D:8      | Found a staircase to the Lair.
 13606 | D:8      | Noticed a hornet
 13611 | D:8      | Killed a hornet
 13612 | D:8      | Reached skill level 5 in Dodging
 13612 | D:8      | Reached XP level 10. HP: 58/67 MP: 4/16
 14073 | Lair:1   | Entered Level 1 of the Lair of Beasts
 14073 | Lair:1   | Noticed a komodo dragon
 14078 | Lair:1   | Killed a komodo dragon
 14137 | D:8      | Reached skill level 5 in Earth Magic
 14206 | Lair:1   | Noticed a cane toad
 14330 | D:9      | Noticed a kobold demonologist
 14515 | D:9      | Killed a kobold demonologist
 14516 | D:9      | Reached skill level 5 in Spellcasting
 14527 | D:9      | Found a flagged portal.
 14536 | Bailey   | Entered a bailey
 14770 | Bailey   | Learned a level 2 spell: Scorch
 15168 | Bailey   | Reached skill level 5 in Fire Magic
 15450 | Bailey   | Reached skill level 5 in Stealth
 15648 | Bailey   | Offered knowledge of Searing Ray by Vehumet.
 15649 | Bailey   | Reached skill level 1 in Throwing
 15727 | Bailey   | Reached XP level 11. HP: 72/72 MP: 16/18
 15808 | Bailey   | Reached *** piety under Vehumet
 16525 | D:9      | Reached skill level 3 in Fighting
 16598 | D:9      | Reached skill level 4 in Fighting
 16741 | D:9      | Reached skill level 5 in Fighting
 16919 | D:9      | Offered knowledge of Inner Flame by Vehumet.
 16924 | D:9      | Reached skill level 6 in Fighting
 17192 | D:9      | Reached skill level 7 in Fighting
 17198 | D:9      | Reached skill level 1 in Polearms
 17364 | D:9      | Reached **** piety under Vehumet
 17572 | D:9      | Found a staircase to the Orcish Mines.
 17618 | Orc:1    | Entered Level 1 of the Orcish Mines
 17621 | Orc:1    | Offered knowledge of Fireball by Vehumet.
 17938 | Orc:1    | Reached skill level 8 in Fighting
 18140 | Orc:1    | Found Owuror's CLEARANCE SALE!.
 18144 | Orc:1    | Bought a scroll of identify for 4 gold pieces
 18208 | Orc:1    | Learned a level 5 spell: Fireball
 18318 | Orc:1    | Noticed an orc warlord
 18509 | D:9      | Killed an orc warlord
 18520 | D:9      | Reached skill level 9 in Fighting
 19263 | Lair:1   | Found a runed translucent gate.
 19263 | Lair:1   | Noticed a death yak
 19264 | Lair:1   | Found a runed translucent gate.
 19265 | Lair:1   | Found a runed translucent gate.
 19266 | Lair:1   | Noticed GeoRichter's ghost (journeyman DjCj)
 19282 | Lair:1   | Reached XP level 12. HP: 96/96 MP: 19/19
 19576 | Lair:1   | Reached skill level 10 in Fighting
 19619 | Lair:1   | Reached ***** piety under Vehumet
 19672 | Lair:1   | Offered knowledge of Ozocubu's Refrigeration by Vehumet.
 20812 | Lair:2   | Reached skill level 11 in Fighting
 21176 | Lair:2   | Reached skill level 12 in Fighting
 21367 | Lair:2   | Found a staircase to the Shoals.
 21585 | D:4      | Bought a heavily runed ring mail for 225 gold pieces
 21585 | D:4      | Identified the +1 ring mail of Bedevilment {Int+4} (You
                  | bought it in a shop on level 4 of the Dungeon)
 21585 | D:4      | Bought a distressingly furry chain mail for 237 gold pieces
 21585 | D:4      | Identified the +4 chain mail of the Griffon {rC- Will+
                  | Int+6 Dex+3} (You bought it in a shop on level 4 of the
                  | Dungeon)
 21585 | D:4      | Bought an emerald potion for 22 gold pieces
 21832 | Lair:2   | Identified the +5 ring mail of Pael {+Blink rC+}
 22519 | Lair:3   | Reached skill level 13 in Fighting
 22838 | Lair:3   | Found a hole to the Spider Nest.
 23006 | Lair:3   | Reached skill level 5 in Armour
 23131 | Lair:3   | Reached XP level 13. HP: 111/111 MP: 19/20
 23265 | Lair:3   | Noticed a six-headed hydra
 23648 | Lair:3   | Killed a six-headed hydra
 23893 | Lair:3   | Found a broken altar of Ashenzari.
 24138 | D:10     | Entered Level 10 of the Dungeon
 24461 | D:10     | Found Baom's Antique Weapon Emporium.
 24470 | D:10     | Bought a warped great sword for 356 gold pieces
 24470 | D:10     | Identified the +2 great sword "Gini" {vorpal, MP+9} (You
                  | bought it in a shop on level 10 of the Dungeon)
 24644 | D:10     | Noticed Fannar
 24698 | D:10     | Killed Fannar
 25266 | D:11     | Found a gate leading to a gauntlet.
 25267 | D:11     | Found Junillei's General Store.
 25277 | Gauntlet | Entered a Gauntlet
 25277 | Gauntlet | Found a transporter.
 25277 | Gauntlet | Found a transporter.
 25293 | Gauntlet | Found a transporter.
 25297 | Gauntlet | Found a transporter.
 25307 | Gauntlet | Found a transporter.
 25311 | Gauntlet | Found a transporter.
 25317 | Gauntlet | Noticed a great orb of eyes
 25323 | Gauntlet | Found a transporter.
 25332 | Gauntlet | Found the +2 cloak of the Thief {*Fog Slay-2 SInv Stlth+}
 25342 | Gauntlet | Found a transporter.
 25345 | Gauntlet | Found a transporter.
 25349 | Gauntlet | Found a transporter.
 25351 | Gauntlet | Found a runed translucent gate.
 25351 | Gauntlet | Found a runed translucent gate.
 25351 | Gauntlet | Found a runed translucent gate.
 25351 | Gauntlet | Noticed a catoblepas
 25352 | Gauntlet | Found a large runed translucent door.
 25352 | Gauntlet | Found a large runed translucent door.
 25353 | Gauntlet | Found a large runed translucent door.
 25353 | Gauntlet | Found a large runed translucent door.
 25354 | Gauntlet | Found a large runed translucent door.
 25354 | Gauntlet | Found a large runed translucent door.
 25355 | Gauntlet | Found a large runed translucent door.
 25355 | Gauntlet | Found a large runed translucent door.
 25355 | Gauntlet | Found a runed translucent door.
 25355 | Gauntlet | Found a runed translucent door.
 25356 | Gauntlet | Found a large runed translucent door.
 25357 | Gauntlet | Found a large runed translucent door.
 25364 | Gauntlet | Found a transporter.
 25364 | Gauntlet | Found a transporter.
 25373 | Gauntlet | Found a large runed translucent door.
 25373 | Gauntlet | Found a large runed translucent door.
 25406 | Gauntlet | Found a large runed translucent door.
 25406 | Gauntlet | Found a large runed translucent door.
 25409 | Gauntlet | Found a large runed translucent door.
 25409 | Gauntlet | Found a large runed translucent door.
 25737 | D:11     | Found Sunik's Magic Scroll Emporium.
 25743 | D:11     | Noticed Maurice
 25757 | D:11     | Killed Maurice
 25882 | D:11     | Noticed Psyche
 25891 | D:11     | Killed Psyche
 25917 | D:11     | Reached skill level 10 in Armour
 26416 | D:11     | Found Langar's Weapon Shop.
 26491 | D:11     | Found Ithaibog's Antique Armour Boutique.
 28761 | D:12     | Noticed a boulder beetle
 28772 | D:12     | Killed a boulder beetle
 28987 | D:13     | Noticed a vault guard
 28987 | D:13     | Noticed a vault guard
 28987 | D:13     | Noticed a vault guard
 28987 | D:13     | Noticed a vault guard
 28988 | D:13     | Found a gate to the Vaults.
 28988 | D:13     | Noticed a vault guard
 28988 | D:13     | Noticed a vault guard
 28997 | D:13     | Noticed a vault guard
 29032 | D:12     | Killed a vault guard
 29263 | D:12     | Killed a vault guard
 29401 | D:12     | Killed a vault guard
 29402 | D:12     | Reached XP level 14. HP: 18/118 MP: 17/23
 31210 | D:13     | Reached skill level 10 in Conjurations
 31768 | D:13     | Found a portal to a secret trove of treasure.
 33826 | Lair:4   | Found a staircase to the Slime Pits.
 34232 | Lair:4   | Learned a level 3 spell: Swiftness
 34471 | Lair:4   | Reached skill level 1 in Air Magic
 34988 | D:9      | Offered knowledge of Orb of Destruction by Vehumet.
 35313 | Orc:2    | Entered Level 2 of the Orcish Mines
 35313 | Orc:2    | Noticed Saint Roka
 35321 | Orc:2    | Found a staircase to the Elven Halls.
 37191 | D:14     | Reached skill level 5 in Air Magic
 37398 | D:14     | Reached XP level 15. HP: 123/124 MP: 16/24
 37580 | D:14     | crystal
 37787 | D:14     | javel
 38869 | D:14     | Found Fereydun's Dragon-Slaying Spoils.
 39443 | Lair:5   | Entered Level 5 of the Lair of Beasts
 39826 | Lair:4   | Offered knowledge of Freezing Cloud by Vehumet.
 40230 | Lair:4   | Reached skill level 10 in Earth Magic
 40560 | Lair:5   | Noticed Nessos
 41196 | Lair:5   | Killed Nessos
 43564 | Lair:5   | Reached skill level 10 in Stealth
 43697 | Lair:5   | Offered knowledge of Lightning Bolt by Vehumet.
 44198 | Lair:5   | Reached skill level 10 in Dodging
 44198 | Lair:5   | Reached XP level 16. HP: 131/131 MP: 25/25
 44730 | Lair:1   | Killed GeoRichter's ghost
 45603 | Orc:2    | Demolished by Saint Roka

Illustrated notes

###÷###.#######.#[..##...#.##.
.............##..#..##..#.....
.<..."#...........#$[[.#....#
.######.####.##....#[.#....#
.# ##.# #..).##..##..##.# .#
#..# #.##)##..##..# .# .# #.##
##.##....#..#.... [# #.#
#...))..#....#....
.#####.####..##.@#..##..#...#
.............##.#...##..!#..#
...###.####..###..((.[....#.#
...W.#.# ##..# #..))).))(...#
#.(....##....# ######.#)####
###.......##.### .# ..
###........... .# #o.
###..##.#### .# . #..# .....
..


Turn 37580 on D:14: crystal ##..# #..))).))....# #....# ######.#)######## #.#
..##.##### #.#.)......# #.# ........... #.####)....# #.#
.##.######.##.####.....# #.# .# ..............#...._# #.#
.##...........>###.....# #.# .....###.#.##..############.#
................@.....))?...# ..##.#.#......)#####.######## ...........###.# #.#
........... ##.## #.# .###..##..###...####.# .....................#
.###.####.###...###### #. ......## .# #.###### Turn 37787 on D:14: javel

Levels and vault maps discovered:
D:1:      giann_horns, layout_loops_ring, minmay_misc_feat_diagonals,
          minmay_tromino_v7
D:2:      layout_basic, basic_altar, serial_shops,
          nicolae_shop_temple_entry_statues_fountains, skrybe_limestone_x,
          chequers_serial_rivers_micro_a
D:3:      layout_basic, general_overflow_altar, lemuel_tele_altar,
          shapermc_ecumenical_altar_notcrosses
D:4:      layout_basic, lemuel_temple_firewalk_b, serial_shops,
          nicolae_shop_competitors_out_of_business
D:5:      layout_basic, trog_hazing_becter, serial_shops, shop_statue
D:6:      layout_basic, nicolae_uskayaw_suspiria, serial_shops,
          nicolae_shop_waterfront, uniq_crazy_yiuf_cottage
D:7:      layout_loops_ring, fedhas_bush_and_centaur_altar, kennysheep_donut,
          minmay_strange_pillars
D:8:      layout_loops_corners, lair_entry_dummy,
          chequers_serial_rivers_micro_e, kennysheep_opposing_triangles
D:9:      layout_rooms, erik_orc_1, enter_bailey_2, grunt_ministairs_10,
          kennysheep_generic_room_14
D:10:     layout_loops_ring, serial_shops, nicolae_shop_trees,
          minmay_stone_trees_small, uniq_fannar
D:11:     layout_loops_cross, gauntlet_entry_generic, serial_shops, shop,
          nicolae_shop_bloodbath_and_beyond, nicolae_shop_advertising_works
          [nicolae_subvault_shop_adworks], nicolae_take_the_stairs, uniq_psyche,
          uniq_maurice
D:12:     layout_long_grid, grunt_ministairs_6
D:13:     layout_roguey, erik_vaults_2, nicolae_trove_entry_free_sample
D:14:     layout_loops_ring, nicolae_two_hexagons, special_room
          [special_room_orc], minivault_26, nicolae_shop_dragon_depot,
          minmay_fire_ice_demons
Lair:1:   dreamdust_isle_of_ice, layout_concentric_octagons,
          gammafunk_ghost_split, grunt_megastairs_4
Lair:2:   layout_hall_layers, minmay_shoals_entry_lonely_mermaid,
          serial_bayou_shore_a
Lair:3:   layout_cave_shapes, hellmonk_spider_entry_not_the_bees, basic_altar,
          nicolae_lair_grazing_beasts [nicolae_sub_lair_graze_edge,
          nicolae_sub_lair_graze_edge, nicolae_sub_lair_graze_edge,
          nicolae_sub_lair_graze_edge], serial_bayou_shore_b,
          infiniplex_staircase_pool, lemuel_fruit_fields
Lair:4:   wad_woods_structure_01, layout_cave_pods, slime_entry_1,
          roderic_carrion_pond, lemuel_fruit_tree
Lair:5:   evilmike_catoblepas_cave, layout_cave_pods, st_stairs_5, uniq_nessos
Orc:1:    layout_caves, nicolae_shop_clearance
Orc:2:    st_orc_mages, layout_diamond_mine, uniq_urug, uniq_saint_roka

Skill      XL: |  1  2  3  4  5  6  7  8  9 10 11 12 13 14 15 16 |
---------------+-------------------------------------------------+-----
Fighting       | 2 9 13 | 13.4
Dodging        | 2 4 5 6 9 10 | 10.0
Spellcasting   | 1 2 4 5 6 |  6.0
Conjurations   | 2 3 6 8 9 10 | 10.0
Fire Magic     | 1 3 5 6 7 8 9 |  9.0
Earth Magic    | 1 2 3 5 7 10 | 10.2
Ice Magic      | 4 5 |  5.0
Armour         | 4 5 10 | 10.0
Stealth        | 4 5 6 10 | 10.0
Throwing       | 1 3 |  3.0
Polearms       | 3 4 |  4.2
Air Magic      | 5 |  5.0
Evocations     | |  3.0

Action                   |  1- 3 |  4- 6 |  7- 9 | 10-12 | 13-15 | 16-18 || total
-------------------------+-------+-------+-------+-------+-------+-------++-------
Melee: Club              |    31 |       |       |       |       |       ||    31
       Short sword       |   180 |   181 |       |       |       |       ||   361
       Punch             |     1 |     2 |     2 |       |       |       ||     5
       Quarterstaff      |       |    57 |    39 |       |       |       ||    96
       Whip              |       |    31 |       |       |       |       ||    31
       Staff             |       |     2 |    19 |       |    10 |       ||    31
       Halberd           |       |     1 |    57 |   171 |   366 |    20 ||   615
       Unarmed           |       |       |       |       |     8 |       ||     8
Throw: Dart              |       |    12 |     4 |    31 |    42 |       ||    89
       Javelin           |       |       |       |       |     2 |       ||     2
 Cast: Conjure Flame     |       |    11 |    29 |    27 |    61 |     8 ||   136
       Sandblast         |       |    10 |    80 |    58 |    11 |       ||   159
       Freeze            |       |       |    50 |    60 |    10 |       ||   120
       Stone Arrow       |       |       |     9 |   199 |   420 |    23 ||   651
       Scorch            |       |       |       |    68 |    29 |       ||    97
       Fireball          |       |       |       |    24 |   165 |     4 ||   193
       Swiftness         |       |       |       |       |    10 |     2 ||    12
Evoke: Wand              |       |    10 |    12 |     9 |     6 |       ||    37
  Use: Scroll            |       |     7 |     8 |    17 |     7 |     2 ||    41
       Potion            |       |       |       |     1 |       |     8 ||     9
 Stab: Sleeping          |     2 |     1 |       |       |       |       ||     3
Armor: Leather armour    |    56 |    19 |    15 |       |       |       ||    90
       Scale mail        |       |    98 |       |       |       |       ||    98
       Ring mail         |       |     7 |       |       |       |       ||     7
       Robe              |       |     7 |    12 |       |       |       ||    19
       Steam dragon scal |       |       |     3 |   110 |   227 |     5 ||   345
       Skin              |       |       |       |       |       |    29 ||    29
Dodge: Dodged            |   122 |   120 |    84 |   258 |   370 |     6 ||   960
Block: Tower shield      |       |    65 |       |       |       |       ||    65
       Other             |       |       |    33 |    88 |   117 |     5 ||   243
       Reflection        |       |       |     3 |     2 |    17 |       ||    22
